 Dungeon Crawl Stone Soup version 0.30-a0-777-ga9a30cbeda (webtiles) character file.

Game seed: 10962932949134977889

22 Adverbial the Trooper (level 2, 0/26 HPs)
             Began as a Draconian Monk on Feb 14, 2023.
             Slain by an adder (1 damage)
             ... on level 2 of the Dungeon.
             The game lasted 00:00:56 (159 turns).

Adverbial the Trooper (Draconian Monk)               Turns: 159, Time: 00:00:57

Health: 0/26       AC:  4    Str: 13    XL:     2   Next: 68%
Magic:  2/2        EV:  9    Int: 10    God:
Gold:   10         SH:  0    Dex: 13    Spells: 1/1 levels left

rFire   . . .      SeeInvis .    a - +0 mace
rCold   . . .      Faith    .    (no shield)
rNeg    . . .      Spirit   .    (body armour unavailable)
rPois   .          Reflect  .    (helmet restricted)
rElec   .          Harm     .    (no cloak)
rCorr   .          Rampage  .    (no gloves)
Will    .....                    (no boots)
Stlth   ++                       (no amulet)
HPRegen 0.24/turn                (no ring)
MPRegen 0.08/turn                (no ring)

@: lethally poisoned (0 -> -1), constricted
A: AC +4, unfitting armour, cold-blooded
a: no special abilities


You were on level 2 of the Dungeon.
You visited 1 branch of the dungeon, and saw 2 of its levels.

You collected 10 gold pieces.

Inventory:

Hand Weapons
 a - a +0 mace (weapon)
Scrolls
 c - a scroll of immolation {unknown}
Potions
 b - a potion of ambrosia
 d - a potion of invisibility {unknown}


   Skills:
 + Level 3.6 Fighting
 * Level 3.3 Maces & Flails
 + Level 2.9 Dodging
 + Level 2.1 Stealth


You had one spell level left.
You didn't know any spells.
Your spell library was empty.

Dungeon Overview and Level Annotations

Branches:
Dungeon (2/15)

Altars:


Innate Abilities, Weirdness & Mutations

Your plain brown scales are hard. (AC +4)
You cannot fit into any form of body armour.
You are cold-blooded and may be slowed by cold attacks.


Message History

The ball python bites you. The ball python constricts you.
The rat bites you but does no damage. The adder bites you but does no damage.
You barely miss the adder. You tail-slap the adder.
The adder is moderately wounded.
The giant cockroach closely misses you. The adder barely misses you.
The ball python bites you. The ball python constricts you. The rat bites you.
The giant cockroach bites you but does no damage.
You hit the adder.
The adder is severely wounded.
The adder barely misses you.
The ball python bites you but does no damage.
The ball python constricts you. The rat bites you but does no damage.
The giant cockroach bites you. The adder bites you.
You are poisoned.
The adder poisons you!
The ball python bites you but does no damage.
The ball python constricts you.
You barely miss the rat.
You feel sick. The giant cockroach bites you. The adder closely misses you.
The rat bites you but does no damage. The ball python bites you.
The ball python constricts you. The giant cockroach bites you.
* * * LOW HITPOINT WARNING * * *
The adder bites you but does no damage.
You hit the adder but do no damage.
You tail-slap the adder, but do no damage.
The adder is severely wounded.
You feel sick. The rat bites you.
* * * LOW HITPOINT WARNING * * *
The ball python bites you.
* * * LOW HITPOINT WARNING * * *
The ball python constricts you.
* * * LOW HITPOINT WARNING * * *
The adder bites you but does no damage. The giant cockroach barely misses you.
The rat bites you but does no damage. The ball python barely misses you.
The ball python constricts you.
* * * LOW HITPOINT WARNING * * *
You hit the ball python but do no damage.
* * * LOW HITPOINT WARNING * * *
You feel sick. The adder bites you.
You die...

.. ## #... .. . ... .#
.. ..r### .##. #.#.. ...
#.#.###.## #######
#.#.##...######
#.....####......#B......
#.###........##r@S#
#.######...#####S#......
#....†...#.# ..# ....#
...####..#.# ##.. ..$#
#...# #..#.# #... #.#
.....##..#.# #.... #
......#..#.# #...#.
.........#.. .......
......#.#.


You could see an adder, a giant cockroach, a ball python and a rat.

Vanquished Creatures
  2 adders (D:2)
  A quokka (D:2)
  2 ball pythons
  A rat (D:1)
6 creatures vanquished.

Notes
Turn   | Place    | Note
-------+----------+-------------------------------------------
     0 | D:1      | Adverbial the Draconian Monk began the quest for the Orb.
     0 | D:1      | Reached XP level 1. HP: 19/19 MP: 1/1
   109 | D:2      | Reached XP level 2. HP: 24/26 MP: 2/2
   159 | D:2      | HP: 1/26 [poisoned by an adder]
   159 | D:2      | Slain by an adder

Illustrated notes

Levels and vault maps discovered:
D:1:      onia_arrival_pyramid, layout_basic, minivault_24
D:2:      layout_loops_ring, hangedman_decor_lopped

Skill      XL: |  1 |
---------------+----+-----
Stealth        | 2 |  2.1
Fighting       | |  3.6
Maces & Flails | |  3.3
Dodging        | |  2.9

Action                     || total
---------------------------++-------
  Melee: Mace              ||    35
         Tailslap          ||     3
 Armour: Skin              ||    30
  Dodge: Dodged            ||    51

Table legend: (Time is in decaauts)
 A = Elapsed time spent in this place.
 B = Non-inter-level travel time spent in this place.
 C = Inter-level travel time spent in this place.
 D = Time resting spent in this place.
 E = Time spent auto-exploring this place.
 F = Levels seen in this place.
 G = Mean time per level.
                   A        B        C        D        E       F      G
               +--------+--------+--------+--------+--------+-----+--------+
         Total |    166 |    166 |      0 |      0 |      0 |   2 |   83.0 |
       Dungeon |    166 |    166 |      0 |      0 |      0 |   2 |   83.0 |
               +--------+--------+--------+--------+--------+-----+--------+

Top non-repeatable levels by time:
     D:2: 95 daAuts
     D:1: 71 daAuts
